 Dungeon Crawl Stone Soup version 0.31-b1-22-gc680215f68 (webtiles) character file.

Game seed: 7252540248388460256

13031 groovy9 the Severer (level 12, -6/112 HPs)
             Began as a Hill Orc Berserker on Jan 19, 2024.
             Was a Priest of Trog.
             Killed by an exploding orc sorcerer (27 damage)
             ... ignited by their inner flame
             ... on level 1 of the Orcish Mines.
             The game lasted 00:36:22 (11503 turns).

groovy9 the Severer (Hill Orc Berserker)           Turns: 11503, Time: 00:36:23

Health: -6/112     AC: 13    Str: 25    XL:     12   Next: 1%
Magic:  12/12      EV: 10    Int:  7    God:    Trog [***...]
Gold:   693        SH:  0    Dex: 10    Spells: 11/11 levels left

rFire   . . .        q - +1 battleaxe
rCold   . . .        (shield currently unavailable)
rNeg    . . .        l - +0 scale mail {rPois}
rPois   +            a - +1 helmet
rElec   .            (no cloak)
rCorr   .            g - +1 pair of gloves
SInv    .            (no boots)
Will    .....        (no amulet) Stlth
                     e - +4 ring of slaying
HPRegen 0.38/turn    (no ring)
MPRegen 0.13/turn

%: no passive effects
@: spiked, on berserk cooldown, slowed, very slow
A: no striking features
a: Renounce Religion, Convert to Beogh, Berserk, Trog's Hand


You were on level 1 of the Orcish Mines.
You worshipped Trog.
Trog was most pleased with you.
You visited 4 branches of the dungeon, and saw 13 of its levels.

You collected 693 gold pieces.

Inventory:

Hand Weapons
 c - a +0 battleaxe
 i - a +2 flail of holy wrath
 q - a +1 battleaxe (weapon)
 t - a +1 war axe of flaming
 x - a +0 broad axe
Armour
 a - a +1 helmet (worn)
 g - a +1 pair of gloves (worn)
 l - a +0 scale mail of poison resistance (worn)
 r - a +0 plate armour
 u - +0 acid dragon scales
Jewellery
 e - a +4 ring of slaying (left hand)
Wands
 n - a wand of digging (9)
 o - a wand of polymorph (6)
 s - a wand of flame (13)
 w - a wand of charming (8)
 y - a wand of quicksilver (4)
Scrolls
 k - a scroll of teleportation
 m - a scroll of fog
 p - a scroll of poison {unknown}
 z - a scroll of vulnerability
 C - a scroll of blinking {unknown}
 D - a scroll of revelation
 E - a scroll of noise {unknown}
Potions
 b - 7 potions of curing
 d - a potion of enlightenment
 f - a potion of berserk rage
 j - a potion of lignification
 v - a potion of resistance
 A - a potion of heal wounds {unknown}


   Skills:
 + Level 11.9 Fighting
 * Level 17.4 Axes
 + Level 10.6 Armour
 - Level 1.5 Dodging


You had 11 spell levels left.
You didn't know any spells.
Your spell library was empty.

Dungeon Overview and Level Annotations

Branches:
Dungeon (10/15)            Temple (1/1) D:4            Lair (1/5) D:10
    Orc (1/2) D:10

Altars:
Ashenzari
Cheibriados
Dithmenos
Elyvilon
Fedhas
Gozag
Hepliaklqana
Kikubaaqudgha
Makhleb
Nemelex Xobeh
Okawaru
Qazlal
Ru
Sif Muna
Trog
Uskayaw
Vehumet
Wu Jian
Xom
Yredelemnul
Zin
The Shining One

Shops:
D:2 (   D:5 !


Message History

Barbed spikes become lodged in your body.
You hit the orc sorcerer.
Flame seeps out of the orc sorcerer.
The orc sorcerer is lightly wounded.
You barely miss the orc high priest. You hit the sixfirhy.
Flame seeps out of the sixfirhy.
The sixfirhy is engulfed in blazing flames.
Flame seeps out of the sixfirhy.
The sixfirhy is engulfed in blazing flames.
Flame seeps out of the sixfirhy.
The sixfirhy is engulfed in blazing flames.
Flame seeps out of the sixfirhy.
The sixfirhy is engulfed in blazing flames.
Flame seeps out of the sixfirhy.
The sixfirhy is engulfed in blazing flames.
Flame seeps out of the sixfirhy.
The sixfirhy is engulfed in blazing flames.
Flame seeps out of the sixfirhy.
The sixfirhy is engulfed in blazing flames.
Flame seeps out of the sixfirhy.
The sixfirhy is engulfed in blazing flames.
Flame seeps out of the sixfirhy.
The orc sorcerer is engulfed in blazing flames.
Flame seeps out of the orc sorcerer.
The orc sorcerer hits you but does no damage.
The orc hits you but does no damage.
The sixfirhy is engulfed in blazing flames.
Flame seeps out of the sixfirhy.
The red devil completely misses you.
The sixfirhy is engulfed in blazing flames.
Flame seeps out of the sixfirhy.
The orc high priest shouts, "Beogh is our master!
Accept the truth or die!"
You slice the orc sorcerer!! Trog accepts your kill.
Trog appreciates your killing of a magic user.
The sixfirhy disappears in a puff of smoke!
You closely miss the orc high priest.
The orc sorcerer explodes!
The fiery explosion engulfs the neqoxec!!
The neqoxec disappears in a puff of smoke!
The fiery explosion engulfs you!!
You die...

....... #.....
##....## ##
.#......##.##
............#
........)..##
....##)))...##
.............#
......°@o....#
.......°§....#
....##§4oo.....
#... ...O.##.⌠.
#.. ......# ...
.# ...>.... ..
....###.⌠.
##... ....


You could see an orc high priest (inner flame), a red devil (summoned, inner
flame), an orc warrior (inner flame), an ogre (inner flame) and an orc (inner
flame).

Vanquished Creatures
  Erolcha (D:9)
  2 death yaks
  Pikel (D:5)
  An orc sorcerer (Orc:1)
  An elephant (D:10)
  The ghost of turdburglar the Changeling, a novice DrSh of Hepliaklqana (D:5)
  A cane toad (Lair:1)
  A gargoyle (D:10)
  Maggie (D:8)
  2 komodo dragons (Lair:1)
  A troll (D:10)
  Sigmund (D:2)
  A vampire (D:9)
  2 wyverns
  A warg (Orc:1)
  4 yaks (D:10)
  Grum (D:8)
  A basilisk (Lair:1)
  A steam dragon (D:6)
  Menkaure (D:7)
  An acid dragon (D:10)
  2 water moccasins
  2 black bears (D:10)
  2 ice beasts
  3 sky beasts
  13 orc warriors
  4 ogres
  8 wolves
  4 centaurs
  A lemure (D:5)
  4 kobold brigands
  2 gnoll sergeants (D:9)
  Blork the orc (D:5)
  3 bullfrogs
  2 scorpions
  16 wights (D:7)
  6 killer bees
  4 howler monkeys
  3 hounds
  12 orc priests
  A jelly (D:6)
  Jessica (D:2)
  3 iguanas
  A sleepcap (D:4)
  5 orc wizards
  23 gnolls
  7 adders
  4 white imps
  A dart slug (D:3)
  2 ribbon worms
  47 orcs
  A ball python (D:3)
  2 bats
  A giant cockroach (D:2)
  5 hobgoblins
  3 quokkas
  4 frilled lizards
  4 goblins
  51 kobolds
  2 rats (D:2)
287 creatures vanquished.

Notes
Turn   | Place    | Note
-------+----------+-------------------------------------------
     0 | D:1      | groovy9 the Hill Orc Berserker began the quest for the Orb.
     0 | D:1      | Reached XP level 1. HP: 19/19 MP: 1/1
     4 | D:1      | You fall into a shaft and drop 1 floor!
   179 | D:2      | Reached XP level 2. HP: 27/27 MP: 2/2
   307 | D:2      | Noticed Jessica
   310 | D:2      | Killed Jessica
   311 | D:2      | Reached XP level 3. HP: 33/33 MP: 3/3
   386 | D:2      | Reached skill level 5 in Axes
   530 | D:2      | Found Guxkyuba's Antique Weapon Shoppe.
   565 | D:2      | Reached XP level 4. HP: 38/40 MP: 4/4
   651 | D:2      | Noticed Sigmund
   666 | D:2      | Killed Sigmund
   667 | D:2      | Reached skill level 6 in Axes
   667 | D:2      | Reached XP level 5. HP: 47/47 MP: 5/5
   998 | D:3      | Reached skill level 5 in Fighting
   998 | D:3      | Reached XP level 6. HP: 42/56 MP: 6/6
  1703 | D:3      | Reached skill level 7 in Axes
  2087 | D:4      | Found a staircase to the Ecumenical Temple.
  2093 | Temple   | Entered the Ecumenical Temple
  2369 | D:4      | Found an iron altar of Okawaru.
  2559 | D:4      | Reached ** piety under Trog
  3044 | D:4      | Reached XP level 7. HP: 61/61 MP: 7/7
  3065 | D:4      | Reached skill level 8 in Axes
  3414 | D:5      | Entered Level 5 of the Dungeon
  3758 | D:5      | Noticed Blork the orc
  3768 | D:5      | Killed Blork the orc
  3769 | D:5      | Reached skill level 5 in Armour
  3937 | D:5      | Reached skill level 9 in Axes
  3937 | D:5      | Reached XP level 8. HP: 70/70 MP: 8/8
  3976 | D:5      | Found Uniots's Distillery.
  3996 | D:5      | Found a runed translucent door.
  3997 | D:5      | Noticed turdburglar's ghost (novice DrSh)
  4013 | D:5      | Noticed Pikel
  4029 | D:5      | Killed Pikel
  4030 | D:5      | Reached skill level 10 in Axes
  4498 | D:5      | Found a hazy altar of Hepliaklqana.
  4891 | D:5      | Reached skill level 11 in Axes
  4891 | D:5      | Reached XP level 9. HP: 79/79 MP: 9/9
  4901 | D:5      | Killed turdburglar's ghost
  5235 | D:6      | Reached skill level 12 in Axes
  5486 | D:6      | Found a white marble altar of Elyvilon.
  6160 | D:7      | Noticed Menkaure
  6175 | D:7      | Killed Menkaure
  6176 | D:7      | Reached skill level 13 in Axes
  6260 | D:7      | Reached XP level 10. HP: 91/91 MP: 10/10
  7017 | D:8      | Reached *** piety under Trog
  7059 | D:8      | Noticed Grum
  7062 | D:8      | Reached skill level 14 in Axes
  7067 | D:8      | Killed Grum
  7561 | D:8      | Noticed Maggie
  7570 | D:8      | Killed Maggie
  7693 | D:8      | Reached skill level 10 in Fighting
  8416 | D:9      | Found a burning altar of Makhleb.
  8423 | D:9      | Noticed Erolcha
  8440 | D:9      | Killed Erolcha
  8441 | D:9      | Reached skill level 15 in Axes
  8555 | D:9      | Reached XP level 11. HP: 101/101 MP: 11/11
  8877 | D:9      | Found an ancient bone altar of Kikubaaqudgha.
  9462 | D:10     | Entered Level 10 of the Dungeon
  9830 | D:10     | Reached skill level 16 in Axes
 10250 | D:10     | Reached **** piety under Trog
 10561 | D:10     | Found a staircase to the Lair.
 10577 | D:10     | Reached skill level 10 in Armour
 10734 | D:10     | Found a staircase to the Orcish Mines.
 11051 | Lair:1   | Entered Level 1 of the Lair of Beasts
 11112 | Lair:1   | Noticed a death yak
 11126 | Lair:1   | Killed a death yak
 11127 | Lair:1   | Reached skill level 17 in Axes
 11171 | Lair:1   | Noticed a death yak
 11173 | Lair:1   | Noticed a death yak
 11173 | Lair:1   | Noticed a death yak
 11176 | Lair:1   | Noticed a death yak
 11176 | Lair:1   | Noticed a death yak
 11178 | Lair:1   | Noticed a death yak
 11193 | D:10     | Killed a death yak
 11475 | Orc:1    | Entered Level 1 of the Orcish Mines
 11484 | Orc:1    | Reached XP level 12. HP: 112/112 MP: 12/12
 11493 | Orc:1    | Noticed an orc high priest
 11496 | Orc:1    | Paralysed by an orc sorcerer for 5 turns
 11503 | Orc:1    | Killed by an exploding orc sorcerer... ignited by their
                  | inner flame

Illustrated notes

Levels and vault maps discovered:
D:1:      giann_bridges, layout_basic
D:2:      layout_loops_corners, serial_shops, nicolae_shop_statue_plus,
          uniq_sigmund, uniq_jessica
D:3:      layout_basic, grunt_ministairs_11
D:4:      minmay_goblin_kobold_castle, layout_loops_ring,
          mainiacjoe_overflow_boulevard, minmay_temple_entry_fiery,
          hangedman_abyss_or_decor_lesser_grid
D:5:      layout_basic, mainiacjoe_overflow_small_starburst, serial_shops, shop,
          ebering_ghost_inner_flame, uniq_pikel, uniq_blork_the_orc
D:6:      layout_basic, mainiacjoe_overflow_brackets, st_stairs_3,
          kennysheep_another_room, interstate_on_off
D:7:      layout_basic, uniq_menkaure
D:8:      layout_basic, uniq_grum, uniq_maggie
D:9:      layout_rooms, nicolae_kikubaaqudgha_miasma_corner,
          general_overflow_altar, reono_crystal_passage, glass_columns_b,
          uniq_erolcha
D:10:     layout_basic, david_lair_generic, hiddenorc2_lemuel
Temple:   minmay_temple_bridge_d
Lair:1:   layout_gridlike, grunt_megastairs_5, uniq_amaemon, uniq_fannar
Orc:1:    layout_diamond_mine, nicolae_orc_beogh_chapel

Skill      XL: |  1  2  3  4  5  6  7  8  9 10 11 |
---------------+----------------------------------+-----
Fighting       | 4 5 6 7 9 10 11 | 11.9
Axes           | 5 6 7 9 11 13 15 17 | 17.4
Armour         | 3 4 5 6 7 9 10 | 10.6
Dodging        | |  1.5

Action                     |  1- 3 |  4- 6 |  7- 9 | 10-12 || total
---------------------------+-------+-------+-------+-------++-------
  Melee: Hand axe          |    45 |   216 |   248 |       ||   509
         Punch             |       |     4 |     2 |       ||     6
         Battleaxe         |       |       |    12 |   396 ||   408
 Invoke: Berserk           |     2 |     5 |    12 |    17 ||    36
         Trog's Hand       |       |       |     3 |     5 ||     8
    Use: Scroll            |       |       |    11 |     7 ||    18
         Potion            |       |       |       |     2 ||     2
 Armour: Scale mail        |    30 |   105 |   147 |   298 ||   580
         Chain mail        |       |       |    14 |    10 ||    24
         Skin              |       |       |       |     5 ||     5
  Dodge: Dodged            |    18 |   104 |   102 |   168 ||   392
